 Dungeon Crawl Stone Soup version 0.31-a0-112-gdf0485fa37 (webtiles) character file.

Game seed: 16482850800526797747

2453 Conn the Firebug (level 9, -3/53 (55) HPs)
             Began as an Octopode Fire Elementalist on May 28, 2023.
             Killed by divine providence
             ... invoked by an orc priest
              (11 damage)
             ... on level 7 of the Dungeon.
             The game lasted 00:14:44 (7347 turns).

Conn the Firebug (Octopode Fire Elementalist)       Turns: 7347, Time: 00:14:45

HP:   -3/53 (55)    AC:  1    Str:  8    XL:     9   Next: 50%
MP:   7/18          EV: 13    Int: 21    God:
Gold: 90            SH:  0    Dex: 12    Spells: 4/20 levels left

rFire   + . .        q - +2 whip of Defilement {flame, rF+ Will+}
rCold   . . .        (no shield)
rNeg    . . .        (helmet restricted)
rPois   .            j - amulet of faith
rElec   .            (no ring)
rCorr   .            (no ring)
SInv    .            (no ring)
Will    +....        (no ring)
Stlth   ++++         (no ring)
HPRegen 0.28/turn    (no ring)
MPRegen 0.16/turn    (no ring)
                     (no ring)

%: faith
@: lightly drained
A: almost no armour, amphibious, 8 rings, camouflage 1, gelatinous body 1,
(nimble swimmer 1), tentacles
a: no special abilities


You were on level 7 of the Dungeon.
You visited 1 branch of the dungeon, and saw 7 of its levels.

You collected 170 gold pieces.
You spent 80 gold pieces at shops.

Inventory:

Hand Weapons
 c - a +1 short sword of speed
 q - the +2 whip of Defilement (weapon) {flame, rF+ Will+}
   (You found it on level 4 of the Dungeon)

   rF:        It protects you from fire.
   Will:      It increases your willpower.
 x - a +5 war axe
Magical Staves
 d - a staff of poison
Jewellery
 j - an amulet of faith (around mantle)
Wands
 v - a wand of quicksilver (1)
 w - a wand of roots (7)
Scrolls
 b - a scroll of poison
 f - a scroll of fear
 i - a scroll of magic mapping
 l - a scroll of teleportation
 n - a scroll of fog {unknown}
 p - a scroll of vulnerability {unknown}
 r - 2 scrolls of brand weapon {unknown}
Potions
 a - a potion of magic
 e - 2 potions of berserk rage
 g - 4 potions of curing
 h - 3 potions of enlightenment {unknown}
 k - 5 potions of heal wounds {unknown}
 m - 2 potions of degeneration {unknown}
 o - a potion of resistance {unknown}
 s - 2 potions of lignification {unknown}
 t - 3 potions of attraction {unknown}
 u - a potion of cancellation {unknown}


   Skills:
 + Level 2.5 Fighting
 + Level 1.8 Short Blades
 + Level 2.7 Dodging
 + Level 6.0 Stealth
 + Level 6.4 Spellcasting
 * Level 5.1 Conjurations
 + Level 0.8 Hexes
 + Level 7.2 Fire Magic
 * Level 2.6 Ice Magic


You had 4 spell levels left.
You knew the following spells:

 Your Spells              Type           Power      Damage    Failure   Level
a - Foxfire               Conj/Fire      100%       2x1d9     1%          1
b - Scorch                Fire           74%        2d8       1%          2
c - Inner Flame           Hex/Fire       23%        N/A       5%          3
d - Flame Wave            Conj/Fire      32%        2d9       8%          4
e - Hailstorm             Conj/Ice       23%        3d7       5%          3
f - Ozocubu's Armour      Ice            17%        N/A       10%         3

Your spell library contained the following spells:

 Spells                   Type           Power      Damage    Failure   Level
 Volatile Blastmotes      Fire/Tloc      42%        2d13      6%          3
 Sticky Flame             Conj/Fire      32%        2d5       8%          4
 Dazzling Flash           Conj/Hex       38%        N/A       9%          3
 Sublimation of Blood     Necr           6%         N/A       14%         2
 Iskenderun's Mystic Bla  Conj/Tloc      17%        2d5       32%         4
 Ice Form                 Ice/Tmut       12%        N/A       47%         4
 Petrify                  Tmut/Erth      6%         N/A       67%         4
 Irradiate                Conj/Tmut      8%         3d14      65%         5
 Starburst                Conj/Fire      16%        6d6       75%         6
 Metabolic Englaciation   Hex/Ice        7%         N/A       77%         5
 Silence                  Hex/Air        4%         N/A       91%         5
 Agony                    Necr           6%         N/A       95%         5
 Simulacrum               Ice/Necr       6%         N/A       100%        6
 Statue Form              Tmut/Erth      4%         N/A       100%        6


Dungeon Overview and Level Annotations

Branches:
Dungeon (7/15)             Temple (0/1) D:4

Altars:
Cheibriados
Dithmenos
Elyvilon
Gozag
Trog

Shops:
D:4 *

Annotations:
D:4 2 transporters


Innate Abilities, Weirdness & Mutations

You cannot wear most types of armour.
You are amphibious.
You can wear up to eight rings at the same time.
Your skin changes colour to match your surroundings (Stealth+).
Your rubbery body absorbs attacks. (AC +1, EV +1)
((You are camouflaged when in or above water. (Stealth+)))
You have tentacles for arms and can constrict up to eight enemies at once.


Message History

You finish channelling waves of flame.
You hear a croak.
The gnoll bouda utters an invocation to its god.
The gnoll bouda is healed somewhat.
The orc warrior hits you with a +2 battleaxe of draining!
* * * LOW HITPOINT WARNING * * *
You feel drained.
* * * LOW HITPOINT WARNING * * *
Unknown command.
Casting: Flame Wave (dangerous; 8% risk of failure)
Confirm with . or Enter, or press ? or * to list all spells.
Casting: Flame Wave (dangerous; 8% risk of failure)
Press: ? - help, Dir - look around, f - activate A wave of flame ripples out!
The flame wave engulfs the orc warrior but does no damage.
The orc warrior is severely wounded.
The flame wave engulfs the gnoll bouda!
You kill the gnoll bouda! (Press . to intensify the flame waves.)
The orc warrior misses you.
Unknown command.
A wave of flame ripples out!
The flame wave engulfs the orc warrior!
You kill the orc warrior!
The flame wave engulfs the gnoll.
The gnoll is moderately wounded.
The flame wave engulfs the gnoll!
You kill the gnoll!
The flame wave engulfs the orc!
You kill the orc!
The gnoll hits you with a +0 whip.
* * * LOW HITPOINT WARNING * * *
Your Stealth skill increases to level 6!
Unknown command.
Unknown command.
A wave of flame ripples out!
The flame wave engulfs the gnoll!
You kill the gnoll!
You finish channelling waves of flame.
The orc priest mumbles some strange prayers to Beogh against you.
Beogh smites you!
You die...

.. .. . ... .. .#
...#. .##.# .....
.#..# ....)# #...#
....))##...####
......).......#..
..#...)@.##.....##
......)....# .....
....##.)..###.....
..#......)........
. #...............
.....#.o..........
...##.....<.......
...#...#.....#....
.......##....# ...


You could see an orc priest.

Vanquished Creatures
  Prince Ribbit (D:5)
  Sigmund (D:6)
  A steam dragon (D:5)
  An orc warrior (D:7)
  A black bear (D:5)
  2 sky beasts (D:6)
  3 ice beasts
  A centaur (D:5)
  2 ogres
  2 scorpions
  5 wights (D:6)
  2 gnoll boudas
  4 hounds
  2 jellies (D:6)
  A sleepcap (D:6)
  Terence (D:3)
  5 orc wizards (D:5)
  9 adders
  8 gnolls
  6 white imps
  2 ufetubi (D:6)
  2 worms
  2 dart slugs
  10 orcs
  4 bats
  5 endoplasms
  2 giant cockroaches
  4 hobgoblins
  2 jackals (D:3)
  5 quokkas
  9 ball pythons
  3 frilled lizards (D:3)
  6 goblins
  2 kobolds (D:1)
  3 rats
119 creatures vanquished.

Vanquished Creatures (others)
  An endoplasm (D:1)
  384 foxfires
385 creatures vanquished.

Grand Total: 504 creatures vanquished

Notes
Turn   | Place    | Note
-------+----------+-------------------------------------------
     0 | D:1      | Conn the Octopode Fire Elementalist began the quest for the
                  | Orb.
     0 | D:1      | Reached XP level 1. HP: 11/11 MP: 3/3
   156 | D:1      | Reached XP level 2. HP: 17/17 MP: 5/5
   491 | D:1      | Learned a level 2 spell: Scorch
   910 | D:2      | Reached XP level 3. HP: 21/21 MP: 6/6
  1511 | D:2      | Learned a level 3 spell: Inner Flame
  1548 | D:3      | Reached skill level 4 in Fire Magic
  1548 | D:3      | Identified the +0 whip of Gass {distort, rN+ Dex-4 SInv}
  1620 | D:3      | Reached XP level 4. HP: 27/27 MP: 2/7
  2378 | D:3      | Noticed Terence
  2387 | D:3      | Killed Terence
  2388 | D:3      | Reached XP level 5. HP: 22/31 MP: 3/9
  2572 | D:4      | Noticed an ogre
  2579 | D:4      | Killed an ogre
  2580 | D:4      | Reached skill level 1 in Short Blades
  2652 | D:4      | Found Lomigeum's Assorted Antiques.
  2680 | D:4      | Found a staircase to the Ecumenical Temple.
  3037 | D:4      | Reached XP level 6. HP: 34/37 MP: 10/10
  3184 | D:4      | Noticed a water moccasin
  3186 | D:4      | Found a transporter.
  3187 | D:4      | Found a transporter.
  3187 | D:4      | Noticed an orc warrior
  3191 | D:4      | Found a white marble altar of Elyvilon.
  3191 | D:4      | Found an opulent altar of Gozag.
  3191 | D:4      | Found a shadowy altar of Dithmenos.
  3200 | D:4      | Noticed a steam dragon
  3219 | D:4      | Noticed an ice beast
  3223 | D:4      | Killed an ice beast
  3333 | D:4      | Identified the +2 whip of Defilement {flame, rF+ Will+}
  3990 | D:4      | Reached skill level 5 in Stealth
  3990 | D:4      | Reached XP level 7. HP: 10/42 MP: 1/12
  4149 | D:4      | Bought an emerald potion for 19 gold pieces
  4149 | D:4      | Bought a scroll labelled BUCZIPNOON for 22 gold pieces
  4149 | D:4      | Bought 2 lumpy brown potions for 39 gold pieces
  4253 | D:5      | Entered Level 5 of the Dungeon
  4272 | D:5      | Noticed a steam dragon
  4273 | D:5      | Reached skill level 5 in Fire Magic
  4412 | D:5      | Killed a steam dragon
  4508 | D:5      | Reached skill level 1 in Fighting
  4875 | D:5      | Noticed Prince Ribbit
  4887 | D:5      | Killed Prince Ribbit
  4888 | D:5      | Reached XP level 8. HP: 48/48 MP: 2/15
  5338 | D:5      | Reached skill level 5 in Spellcasting
  5338 | D:5      | Reached skill level 6 in Fire Magic
  5637 | D:5      | Found a bloodstained altar of Trog.
  6268 | D:6      | Learned a level 4 spell: Flame Wave
  6272 | D:6      | Learned a level 3 spell: Hailstorm
  6376 | D:6      | Learned a level 3 spell: Ozocubu's Armour
  6416 | D:6      | Found a snail-covered altar of Cheibriados.
  6664 | D:6      | Reached XP level 9. HP: 55/55 MP: 13/17
  6669 | D:6      | Reached skill level 1 in Ice Magic
  6848 | D:6      | Noticed Sigmund
  6945 | D:6      | Killed Sigmund
  6946 | D:6      | Reached skill level 5 in Conjurations
  7224 | D:6      | Reached skill level 7 in Fire Magic
  7347 | D:7      | Killed from afar by an orc priest

Illustrated notes

Levels and vault maps discovered:
D:1:      lightli_arrival_isolated_outpost, layout_loops_ring,
          lemuel_flame_loot_1
D:2:      layout_loops_ring, hangedman_abyss_or_decor_lesser_grid, minivault_19
D:3:      layout_loops_ring, kennysheep_another_room, uniq_terence
D:4:      layout_layer_cave, gammafunk_temple_overflow_arena, temple_doors_cd,
          serial_shops, shop
D:5:      kennysheep_big_flooded_room, layout_layer_cave, trog_butcher_becter,
          chequers_serial_rivers_micro_c, nrook_loot_triangle,
          uniq_prince_ribbit1
D:6:      layout_cave_pools, cheibriados_altar_1, uniq_sigmund
D:7:      layout_cave_pools

Skill      XL: |  1  2  3  4  5  6  7  8  9 |
---------------+----------------------------+-----
Fire Magic     | 4 5 6 7 |  7.2
Stealth        | 3 4 5 6 |  6.0
Conjurations   | 2 3 4 5 |  5.1
Short Blades   | 1 |  1.8
Spellcasting   | 3 4 5 6 |  6.4
Fighting       | 1 2 |  2.5
Ice Magic      | 2 |  2.6
Dodging        | |  2.7
Hexes          | |  0.8

Action                     |  1- 3 |  4- 6 |  7- 9 || total
---------------------------+-------+-------+-------++-------
  Melee: Unarmed           |     5 |       |       ||     5
         Short sword       |    25 |    28 |    26 ||    79
         Tentacles         |     7 |     8 |     8 ||    23
         Constrict         |     5 |     7 |     5 ||    17
         Punch             |       |     3 |     1 ||     4
   Cast: Foxfire           |    37 |    56 |   127 ||   220
         Scorch            |       |    12 |    26 ||    38
         Inner Flame       |       |     1 |     2 ||     3
         Flame Wave        |       |       |     3 ||     3
    Use: Potion            |       |     3 |     1 ||     4
         Scroll            |       |       |     5 ||     5
   Stab: Sleeping          |     6 |     8 |     1 ||    15
 Armour: Skin              |     2 |     2 |     3 ||     7
  Dodge: Dodged            |    26 |    20 |    28 ||    74

Table legend: (Time is in decaauts)
 A = Elapsed time spent in this place.
 B = Non-inter-level travel time spent in this place.
 C = Inter-level travel time spent in this place.
 D = Time resting spent in this place.
 E = Time spent auto-exploring this place.
 F = Levels seen in this place.
 G = Mean time per level.
                   A        B        C        D        E       F      G
               +--------+--------+--------+--------+--------+-----+--------+
         Total |   7329 |   7154 |    175 |    638 |   4878 |   7 | 1047.0 |
       Dungeon |   7329 |   7154 |    175 |    638 |   4878 |   7 | 1047.0 |
               +--------+--------+--------+--------+--------+-----+--------+

Top non-repeatable levels by time:
     D:5: 2010 daAuts
     D:4: 1702 daAuts
     D:3: 1074 daAuts
     D:6: 949 daAuts
     D:2: 799 daAuts
     D:1: 778 daAuts
     D:7: 14 daAuts
